 Dungeon Crawl Stone Soup version 0.27.1-33-g824d729ab1 (webtiles) character file.

Game seed: 9693239945703971323

63 pkoi the Insei (level 3, -3/31 HPs)
             Began as a Draconian Monk on Nov 29, 2021.
             Slain by a scorpion (5 damage)
             ... on level 3 of the Dungeon.
             The game lasted 00:01:55 (2176 turns).

pkoi the Insei (Draconian Monk)                     Turns: 2176, Time: 00:01:55

Health: -3/31      AC:  5    Str: 13    XL:     3   Next: 89%
Magic:  3/3        EV: 12    Int: 11    God:
Gold:   67         SH:  0    Dex: 13    Spells: 2/2 levels left

rFire    . . .     SeeInvis .     - Unarmed
rCold    . . .     Faith    .   (no shield)
rNeg     . . .     Spirit   .   (armour unavailable)
rPois    .         Reflect  .   (helmet restricted)
rElec    .         Harm     .   (no cloak)
rCorr    .         Rampage  .   (no gloves)
Will     .....                  (no boots)
Stlth    ++........             (no amulet)
HPRegen  0.10/turn              (no ring)
MPRegen  0.08/turn              (no ring)

@: mighty, lethally poisoned (-3 -> -7), studying Unarmed Combat
A: AC +5, unfitting armour, cold-blooded
a: no special abilities


You were on level 3 of the Dungeon.
You visited 1 branch of the dungeon, and saw 3 of its levels.

You collected 67 gold pieces.

Inventory:

Hand Weapons
 b - a +2 dagger of venom
Scrolls
 d - a scroll of identify {unknown}
 e - a scroll of enchant armour {unknown}
Potions
 a - a potion of heal wounds
 f - a potion of invisibility {unknown}
 g - a potion of brilliance {unknown}


   Skills:
 - Level 3.2 Fighting
 - Level 2.6 Dodging
 - Level 1.7 Stealth
 + Level 6.1 Unarmed Combat


You had 2 spell levels left.
You didn't know any spells.
Your spell library was empty.

Dungeon Overview and Level Annotations

Branches:
Dungeon (3/15)

Altars:

Shops:
D:3 (

Annotations:
D:2 Sigmund


Innate Abilities, Weirdness & Mutations

Your plain brown scales are hard. (AC +5)
You cannot fit into any form of body armour.
You are cold-blooded and may be slowed by cold attacks.


Message History

Reactivating autopickup.
There is a stone staircase leading down here.
You climb downwards.
There is a stone staircase leading up here.
You start resting.
HP restored.
Found Doyhis's Antique Weapon Boutique.
There is an entrance to Doyhis's Antique Weapon Boutique here.
Unknown command.
Found 19 bolts.
A scorpion comes into view.
A scorpion is nearby!
Found 12 gold pieces and a book of Maledictions.
Okay, then.
Unknown command.
A frilled lizard comes into view.
The frilled lizard hisses angrily.
The scorpion stings you.
You are poisoned.
The scorpion poisons you!
You hit the scorpion but do no damage.
You feel very sick. The scorpion completely misses you.
You barely miss the scorpion.
You feel sick. The scorpion stings you.
You hit the scorpion.
The scorpion is lightly wounded.
You feel sick. The scorpion closely misses you.
You hit the scorpion.
Your tail-slap misses the scorpion.
The scorpion is heavily wounded.
You feel sick. The scorpion stings you.
* * * LOW HITPOINT WARNING * * *
It was a potion of might.
You feel very mighty all of a sudden.
You feel sick. The scorpion stings you.
* * * LOW HITPOINT WARNING * * *
You barely miss the scorpion.
The scorpion is heavily wounded.
* * * LOW HITPOINT WARNING * * *
You feel sick. The scorpion stings you.
You die...

#.# #. ###.###.########
#. #.(...#.##.....## #.
#.....#.#..≈≈≈§§# #.
#.....#...≈≈≈≈§.# #.
#.....#<..≈§§§§§# #.
#.....#.#.≈≈§≈≈§#
#.###...##.#..≈≈§§§#
#l.@s......##.....##
#.....####...###########
.#### ##.########.
#..........
#.####.#.######.
#....###.# #..###.#.##
#. #..## #.#.###.##


You could see a scorpion and a frilled lizard.

Vanquished Creatures
  Natasha (D:2)
  An ufetubus (D:2)
  A dart slug (D:1)
  3 endoplasms
  2 giant cockroaches (D:1)
  4 goblins
  5 hobgoblins
  3 quokkas (D:1)
  A ball python (D:1)
  2 bats
  2 frilled lizards
  3 kobolds (D:1)
  2 rats (D:1)
30 creatures vanquished.

Notes
Turn   | Place    | Note
-------+----------+-------------------------------------------
     0 | D:1      | pkoi the Draconian Monk began the quest for the Orb.
     0 | D:1      | Reached XP level 1. HP: 19/19 MP: 1/1
   199 | D:1      | Identified a scroll of acquirement
   199 | D:1      | Acquired a manual of Unarmed Combat
   278 | D:1      | Found a faded altar of an unknown god.
   294 | D:1      | Reached XP level 2. HP: 18/26 MP: 2/2
   298 | D:1      | Reached skill level 4 in Unarmed Combat
  1302 | D:2      | Noticed Natasha
  1311 | D:2      | Killed Natasha
  1312 | D:2      | Reached skill level 5 in Unarmed Combat
  1312 | D:2      | Reached XP level 3. HP: 10/31 MP: 3/3
  1828 | D:2      | Reached skill level 6 in Unarmed Combat
  1971 | D:2      | Noticed Sigmund
  2002 | D:2      | HP: 1/31 [something/magic dart (3)]
  2125 | D:3      | Found Doyhis's Antique Weapon Boutique.
  2155 | D:3      | Noticed a scorpion
  2176 | D:3      | Slain by a scorpion

Illustrated notes

Levels and vault maps discovered:
D:1:      heliophobic_arrival_glass_houses, layout_basic,
          dreamdust_ecumenical_altar_grove
D:2:      minmay_wonky_spiral, layout_basic, serial_shops, shop, uniq_natasha,
          uniq_sigmund
D:3:      layout_loops_ring, mainiacjoe_overflow_surrounded_room, serial_shops,
          nicolae_lakefront_shop

Skill      XL: |  1  2  3 |
---------------+----------+-----
Unarmed Combat | 5 6 |  6.1
Fighting       | |  3.2
Dodging        | |  2.6
Stealth        | |  1.7

Action                   || total
-------------------------++-------
Melee: Unarmed           ||    98
       Tailslap          ||     9
  Use: Scroll            ||     2
       Potion            ||     2
 Stab: Sleeping          ||     8
Armor: Skin              ||    20
Dodge: Dodged            ||    57
